 Dungeon Crawl Stone Soup version 0.18.1-8-gdd0e5ea (webtiles) character file.

158374 oplop the Spry (level 17, -1/126 HPs)
             Began as a Vampire Enchanter on May 21, 2016.
             Was a High Priest of Ashenzari.
             Hit by a large rock thrown by Polyphemus (5 damage)
             ... on level 2 of the Shoals.
             The game lasted 01:26:43 (26790 turns).

oplop the Spry (Vampire Enchanter)                 Turns: 26790, Time: 01:26:43

Health: -1/126     AC:  0    Str:  7      XL:     17   Next: 14%
Magic:  31/31      EV:  5    Int: 15 (18) God:    Ashenzari [*****.]
Gold:   2320       SH:  0    Dex: 26      Spells: 4 memorised, 26 levels left

rFire  . . .     SeeInvis +     (weapon currently unavailable)
rCold  + . .     Gourm    .     (armour currently unavailable)
rNeg   + + +     Faith    .     (shield currently unavailable)
rPois  ∞         Spirit   .     (helmet currently unavailable)
rElec  .         Dismiss  .     (cloak currently unavailable)
rCorr  .         Reflect  .     (gloves currently unavailable)
SustAt .         Harm     .     (boots currently unavailable)
MR     +....     Clarity  +     (no amulet)
Stlth  +++++++++.               (ring currently unavailable)
                                (ring currently unavailable)

@: bat-form, petrified, flying, regenerating slowly, studying Conjurations, very
quick, somewhat resistant to hostile enchantments, incredibly stealthy
A: fangs 3, see invisible, (unbreathing)
a: End Transformation, Curse Item, Scrying, Transfer Knowledge, Renounce
Religion


You were on level 2 of the Shoals.
You worshipped Ashenzari.
Ashenzari was extremely pleased with you.
You were thirsty.
You were in vampire-bat-form.
You visited 6 branches of the dungeon, and saw 29 of its levels.
You also visited: Labyrinth, Bailey and Ice Cave.

You collected 2953 gold pieces.
You spent 633 gold pieces at shops.

Inventory:

Hand Weapons
 f - a +4 dagger of electrocution (melded)
 P - a +7 blowgun
Missiles
 c - 4 throwing nets (quivered)
 i - 2 needles of frenzy
 u - 9 needles of sleeping
 Y - 12 curare-tipped needles
 Z - 13 needles of confusion
Armour
 a - a +1 hat of magic resistance (melded)
 e - a +0 cloak (melded)
 k - a +2 buckler of protection (melded)
 s - a +0 pair of boots (melded)
 x - a +1 leather armour of fire resistance (melded)
Jewellery
 j - a +6 ring of slaying (melded)
 l - an uncursed ring of resist corrosion
 z - the ring of Degaedue (melded) {AC+3 Int+3}
   (You found it in an ice cave)

   [ring of protection]

   It affects your AC (+3).
   It affects your intelligence (+3).
 D - an uncursed ring of wizardry
 L - an uncursed ring of protection from fire
Wands
 y - a wand of heal wounds (1/9)
 G - a wand of iceblast (3/15)
 K - a wand of polymorph (24/24)
 Q - a wand of teleportation (2/9)
 R - a wand of iceblast (9/15)
Scrolls
 b - 3 scrolls of magic mapping
 h - 4 scrolls of enchant weapon
 m - 3 scrolls of enchant armour
 o - 4 scrolls of recharging
 t - 15 scrolls of teleportation
 v - 8 scrolls of remove curse
 A - 5 scrolls of amnesia
 C - 2 scrolls of blinking
 S - 3 scrolls of fear
 T - 2 scrolls of fog
 V - a scroll of immolation
 W - 2 scrolls of summoning
 X - a scroll of vulnerability
Potions
 d - 20 potions of blood
 g - 5 potions of heal wounds
 n - 3 potions of brilliance
 p - a potion of cure mutation
 q - 14 potions of curing
 r - 3 potions of flight
 w - 6 potions of ambrosia
 F - 2 potions of haste
 H - a potion of cancellation
 I - 3 potions of agility
 J - 8 potions of might
 M - 6 potions of magic
 U - 3 potions of resistance
Books
 B - a Grand Grimoire

   Spells                             Type                      Level
   a - Monstrous Menagerie            Summoning                    7
   b - Summon Greater Demon           Summoning                    7
   c - Malign Gateway                 Summoning/Translocation      7
   d - Summon Horrible Things         Summoning                    8
 E - an Akashic Record

   Spells                             Type                      Level
   a - Dispersal                      Translocation                6
   b - Malign Gateway                 Summoning/Translocation      7
   c - Disjunction                    Translocation                8
   d - Controlled Blink               Translocation                8
 N - a manual of Conjurations


   Skills:
 + Level 9.3 Fighting
 - Level 10.1 Short Blades
 - Level 4.5 Armour
 + Level 17.6 Dodging
 - Level 17.0 Stealth
 - Level 4.4 Shields
 - Level 10.7 Spellcasting
 + Level 2.0 Conjurations
 - Level 16.0 Hexes


You had 26 spell levels left.
You knew the following spells:

 Your Spells              Type           Power        Failure   Level  Hunger
b - Ensorcelled Hibernat  Hex/Ice        ####..       1%          2    None
c - Confuse               Hex            ######..     1%          3    None
d - Tukima's Dance        Hex            ######..     1%          3    None
e - Dazzling Spray        Conj/Hex       #####...     1%          3    None


Dungeon Overview and Level Annotations

Branches:
Dungeon (15/15)            Temple (1/1) D:4            Lair (8/8) D:10
 Shoals (2/4) Lair:6        Snake (0/4) Lair:4        Slime (0/6) Lair:7
    Orc (2/2) D:10            Elf (1/3) Orc:2        Vaults (0/5) D:13
 Depths (0/5) D:15

Altars:
Ashenzari
Cheibriados
Dithmenos
Elyvilon
Fedhas
Gozag
Kikubaaqudgha
Makhleb
Nemelex Xobeh
Okawaru
Pakellas
Qazlal
Ru
Sif Muna
Trog
Vehumet
Xom
Yredelemnul
Zin
The Shining One
Beogh

Shops:
D:9 *   D:11 (   Orc:2 %[((

Annotations:
Lair:6 exclusion: oklob plant
Lair:7 exclusion: 3 oklob plants
Shoals:2 Polyphemus


Innate Abilities, Weirdness & Mutations

You heal slowly.
You have razor-sharp teeth.
You have supernaturally acute eyesight.
((You can survive without breathing.))


Message History

The merfolk aquamancer casts a spell at you.
The great wave of water hits you!
The wave splashes down.
Polyphemus throws a large rock.
The large rock hits you but does no damage.
You hear a splash.
You hear a shout! x5; You hear a screech!
The merfolk aquamancer stops moving altogether!
The merfolk hits you from afar with a trident!!
Polyphemus throws a large rock.
The large rock hits you!!!
* * * LOW HITPOINT WARNING * * *
You hear a splash.
The merfolk hits you from afar with a trident.
* * * LOW HITPOINT WARNING * * *
Polyphemus throws a large rock.
The large rock hits you!!
* * * LOW HITPOINT WARNING * * *
You hear a splash.
The death yak is no longer petrified.
The merfolk barely misses you. The death yak gores you!!
* * * LOW HITPOINT WARNING * * *
Polyphemus throws a large rock.
The large rock hits you!
You die...

.≈P≈≈≈PP≈≈≈≈≈≈≈≈≈≈≈≈≈≈≈≈# *,≈
,#≈≈(≈P≈PPPPPP≈≈≈≈≈≈≈≈≈≈≈≈.,*
,#≈≈≈≈≈≈≈PPP≈≈≈≈≈≈≈≈≈≈≈≈≈≈≈ ***
, ,#≈≈≈≈≈P≈≈PP≈≈≈≈≈≈≈≈≈≈≈≈≈≈≈ *
#≈≈≈P≈≈≈≈≈≈≈≈≈≈≈≈≈≈≈≈≈≈≈≈≈, *
#≈≈≈≈≈P≈≈P≈≈≈≈≈≈≈≈≈≈≈≈≈≈≈≈ *
#≈≈≈≈≈≈≈≈≈≈≈≈≈≈≈≈≈≈≈≈≈≈≈≈≈≈ **
,#≈≈≈≈≈≈≈...≈≈≈≈≈≈≈≈†≈≈≈≈≈≈≈≈,*
,#≈≈≈≈≈≈...P.P≈≈bmmY≈≈≈≈≈{≈ ≈ *
,#≈≈≈≈≈≈..P..≈≈≈.Ym≈≈≈≈≈≈≈≈≈ ,
≈ #≈≈≈≈≈≈≈÷(......CE≈≈≈≈≈≈≈≈≈ ≈
#≈≈≈≈≈≈≈≈>.≈......≈≈≈≈≈≈≈≈ ≈
,#≈≈≈≈≈≈≈≈≈≈≈....#....≈≈≈≈≈≈
.#≈≈≈≈≈≈≈≈≈≈≈≈...#...≈≈≈≈≈≈ ≈ ≈
.#≈≈≈≈≈≈≈≈≈≈≈≈≈...≈≈.≈≈≈≈≈≈≈≈ ≈
≈#≈≈≈≈≈≈≈≈≈≈≈≈....≈≈≈≈≈≈≈≈≈ ≈
≈#≈≈≈≈≈≈≈≈≈≈≈≈....≈≈≈..≈.., ≈≈


You could see Polyphemus, a death yak, a catoblepas, a merfolk aquamancer
(petrified), 2 merfolk and a water elemental.

Vanquished Creatures
  Gastronok (Orc:1)
  An orc warlord (Orc:2)
  A stone giant (Orc:2)
  Snorg (Lair:5)
  A merfolk impaler (Shoals:1)
  A minotaur (Lab)
  3 vault guards (D:13)
  2 ice dragons (D:15)
  12 hydras
  Erolcha (D:9)
  Erica (D:9)
  4 centaur warriors
  2 death yaks (Shoals:2)
  3 tengu warriors
  Sonja (Lair:4)
  2 orc high priests (Orc:2)
  3 sea snakes (Shoals:1)
  An unseen horror (D:13)
  2 wolf spider zombies
  7 hill giants
  3 orc knights
  2 deep elf magi
  5 harpies (Shoals:2)
  A necromancer (Lair:6)
  A faun (Shoals:2)
  23 ugly things
  4 griffons
  5 orc sorcerers
  6 cyclopes
  5 manticores
  4 centaur zombies
  2 sirens (Shoals:1)
  14 black mambas
  A torpor snail (Lair:8)
  2 centaur skeletons
  Psyche (D:8)
  6 spiny frogs
  2 rime drakes
  10 ice devils (IceCv)
  6 komodo dragons
  A spriggan druid (Lair:8)
  6 merfolk
  4 trolls
  11 polar bears
  2 wolf spider simulacra (D:15)
  2 two-headed ogres
  Grinder (D:5)
  17 blink frogs
  A boulder beetle (Lair:5)
  A snapping turtle (Shoals:1)
  6 redbacks (Lair:8)
  3 water elementals
  Sigmund (D:5)
  11 spriggans (Lair:8)
  A tarantella (shapeshifter) (D:14)
  2 shadows (D:14)
  A wraith (D:13)
  35 yaks
  A centaur simulacrum (D:15)
  2 vampires
  3 hungry ghosts
  6 wyverns
  A human (D:8)
  A steam dragon (Lair:7)
  Edmund (D:4)
  6 basilisks
  3 wargs
  19 hippogriffs
  2 mottled dragons
  16 water moccasins
  7 porcupines
  2 swamp drakes (Lair:7)
  5 ice beasts
  35 orc warriors
  An eye of draining (D:13)
  2 phantoms (D:5)
  3 sky beasts
  5 black bears (Lair:8)
  3 wasps (Lair:8)
  A necrophage (D:6)
  24 wolves
  9 ogres
  8 centaurs
  19 crocodiles
  Blork the orc (D:5)
  2 big kobolds
  14 giant frogs
  A wyvern skeleton (D:9)
  7 killer bees
  8 wights
  8 electric eels
  6 howler monkeys
  8 crimson imps
  A giant frog zombie (D:8)
  16 orc priests
  2 jellies
  17 orc wizards
  7 hounds
  3 giant frog skeletons
  6 iguanas
  11 worker ants
  2 yak simulacra (Lair:6)
  A killer bee zombie (D:11)
  52 sheep
  A hound zombie (D:8)
  2 hound skeletons
  2 worker ant zombies
  15 adders
  12 gnolls (Bailey)
  63 river rats
  6 shadow imps
  21 white imps
  7 ufetubi (IceCv)
  2 adder zombies
  An adder skeleton (D:8)
  A worm (D:2)
  A dart slug (D:1)
  7 giant geckos
  80 orcs
  5 goblins
  17 hobgoblins
  13 jackals
  21 kobolds
  5 quokkas
  6 ball pythons
  6 bats
  A giant gecko zombie (D:6)
  4 giant newts
  A quokka skeleton (D:7)
  A quokka zombie (D:7)
  3 rats
921 creatures vanquished.

Vanquished Creatures (collateral kills)
  A merfolk (Shoals:1)
  2 orc wizards (Orc:2)
  An adder (D:10)
  A gnoll (Bailey)
  6 orcs
  A hobgoblin (Bailey)
12 creatures vanquished.

Vanquished Creatures (others)
  8 dancing weapons
  A jelly (D:5)
  A white imp (IceCv)
  26 fungi
  4 plants
40 creatures vanquished.

Grand Total: 973 creatures vanquished

Notes
Turn   | Place    | Note
--------------------------------------------------------------
     0 | D:1      | oplop the Vampire Enchanter began the quest for the Orb.
     0 | D:1      | Reached XP level 1. HP: 13/13 MP: 3/3
   125 | D:1      | Reached XP level 2. HP: 13/19 MP: 5/5
   283 | D:1      | Reached skill level 5 in Hexes
   384 | D:1      | Reached skill level 5 in Stealth
   415 | D:1      | Learned a level 2 spell: Ensorcelled Hibernation
   776 | D:2      | Reached XP level 3. HP: 15/24 MP: 3/6
   970 | D:2      | Found a shimmering altar of Xom.
  1188 | D:2      | Reached XP level 4. HP: 30/30 MP: 5/8
  1658 | D:3      | Reached XP level 5. HP: 35/35 MP: 9/9
  1727 | D:3      | oplop: ??melee
  1727 | D:3      | beem: melee[1/1]: "[N]ow completely useless." -- Grunt
  1727 | D:3      | oplop: ??damage
  1727 | D:3      | beem: damage[1/1]: See {weapon damage}, {unarmed combat}
  1727 | D:3      | oplop: ??Weapon damage
  1727 | D:3      | beem: weapon damage[1/3]: Approximately: 1d(base*strength_bonus)*skill_bonus + 1d(to_dam + slaying) + various bonuses. Weapon {brand} is applied after monster AC reduction.
  1727 | D:3      | oplop: ??Weapon damage[2
  1727 | D:3      | beem: weapon damage[2/3]: Strength bonus is usually < 1.5 (see {str}), {skill bonus} (both from weapon and Fighting skills) is randomized, averaging about 2.0 at max skill
  1727 | D:3      | oplop: ??Weapon damage[3
  1727 | D:3      | beem: weapon damage[3/3]: Damage bonuses include +1d10 for {might} and -1d5 when Starving.
  2176 | D:4      | Found a staircase to the Ecumenical Temple.
  2198 | Temple   | Entered the Ecumenical Temple
  2313 | D:4      | Found a shadowy altar of Dithmenos.
  2367 | D:4      | Noticed an ogre
  2373 | D:4      | Learned a level 3 spell: Confuse
  2377 | D:4      | Learned a level 3 spell: Tukima's Dance
  2452 | D:4      | Killed an ogre
  2452 | D:4      | Reached XP level 6. HP: 31/41 MP: 0/11
  2591 | D:4      | Found a glowing silver altar of Zin.
  2775 | D:4      | Noticed Edmund
  2784 | D:4      | Killed Edmund
  2784 | D:4      | Reached XP level 7. HP: 29/46 MP: 5/12
  2917 | D:4      | Gained mutation: Your spells are a little easier to cast, but a little less powerful. [potion of mutation]
  2917 | D:4      | Gained mutation: Your system is resistant to poisons. [potion of mutation]
  2917 | D:4      | Gained mutation: You have large cloven feet. [potion of mutation]
  2937 | D:5      | Entered Level 5 of the Dungeon
  3055 | D:5      | Noticed Blork the orc
  3068 | D:5      | Killed Blork the orc
  3275 | D:5      | Reached skill level 5 in Dodging
  3286 | D:5      | Reached XP level 8. HP: 42/52 MP: 11/14
  3316 | D:5      | Noticed Grinder
  3387 | D:5      | Killed Grinder
  3410 | D:5      | Noticed Sigmund
  3417 | D:5      | Killed Sigmund
  3417 | D:5      | Reached skill level 5 in Spellcasting
  3694 | D:5      | Reached skill level 10 in Stealth
  4115 | D:6      | Reached XP level 9. HP: 48/57 MP: 13/17
  4351 | D:6      | Found an oddly glowing altar of Pakellas.
  4355 | D:6      | Found an iron altar of Okawaru.
  4362 | D:6      | Found an ancient bone altar of Kikubaaqudgha.
  4364 | D:6      | Found a sparkling altar of Nemelex Xobeh.
  4364 | D:6      | Found a snail-covered altar of Cheibriados.
  4364 | D:6      | Found an opulent altar of Gozag.
  4364 | D:6      | Found a shattered altar of Ashenzari.
  4364 | D:6      | Found a glowing golden altar of the Shining One.
  4371 | D:6      | Found a sacrificial altar of Ru.
  4372 | D:6      | Found a bloodstained altar of Trog.
  4373 | D:6      | Found a deep blue altar of Sif Muna.
  4374 | D:6      | Found a radiant altar of Vehumet.
  4378 | D:6      | Became a worshipper of Ashenzari the Shackled
  4543 | D:6      | Reached skill level 10 in Hexes
  4676 | D:6      | Reached skill level 1 in Fighting
  5579 | D:7      | Learned a level 3 spell: Dazzling Spray
  5798 | D:8      | Noticed Psyche
  5805 | D:8      | Killed Psyche
  6391 | D:9      | Noticed Erica
  6397 | D:9      | Reached XP level 10. HP: 70/70 MP: 16/19
  6558 | D:9      | Reached * piety under Ashenzari
  6637 | D:9      | Killed Erica
  6837 | D:9      | Reached skill level 5 in Short Blades
  6913 | D:9      | Found Wyuvidgh's Assorted Antiques.
  6921 | D:9      | Bought a scroll labeled GIPEHEIDWI for 29 gold pieces
  6921 | D:9      | Bought a scroll of remove curse for 87 gold pieces
  6921 | D:9      | Bought a scroll labeled FIZ TI GEUKA for 29 gold pieces
  6921 | D:9      | Bought a murky black potion for 26 gold pieces
  6921 | D:9      | Bought a sedimented cyan potion for 26 gold pieces
  7326 | D:9      | Noticed Erolcha
  7333 | D:9      | Killed Erolcha
  7456 | D:9      | Bought a scroll of remove curse for 87 gold pieces
  7605 | D:10     | Entered Level 10 of the Dungeon
  7608 | D:10     | Found a staircase to the Lair.
  7748 | D:10     | Noticed a centaur warrior
  7836 | D:10     | Killed a centaur warrior
  7873 | D:10     | Reached skill level 5 in Fighting
  7881 | D:10     | Reached XP level 11. HP: 42/79 MP: 20/20
  7920 | D:10     | Reached ** piety under Ashenzari
  8133 | D:10     | Noticed a hill giant
  8140 | D:10     | Killed a hill giant
  8284 | D:10     | Found a staircase to the Orcish Mines.
  8330 | D:11     | Found Nokan's Antique Weapon Boutique.
  8340 | D:11     | Noticed a hill giant
  8371 | D:11     | Killed a hill giant
  8517 | D:11     | Found an opulent altar of Gozag.
  8957 | D:12     | Found a labyrinth entrance.
  8958 | D:12     | Identified a scroll of acquirement
  8959 | D:12     | Got the cursed dagger of Futy {speed, Int+3 Dex+3}
  8960 | D:12     | Identified the cursed +6 dagger of Futy {speed, Int+3 Dex+3} (You acquired it on level 12 of the Dungeon)
  8969 | Lab      | Entered a labyrinth
  9108 | Lab      | Noticed a minotaur
  9116 | Lab      | Killed a minotaur
  9116 | Lab      | Identified the +6 shortbow "Vuowaxok" {flame, rC+ Int+4} (You took it off a minotaur in a labyrinth)
  9124 | Lab      | Identified the cursed +1 blowgun of Xiustra {speed, Int+4 Dex+9} (You found it in a labyrinth)
  9124 | Lab      | Got the uncursed robe of the Ecumenical Temple {rC+ SInv}
  9125 | Lab      | Identified the +1 robe of the Ecumenical Temple {rC+ SInv} (You found it in a labyrinth)
  9126 | Lab      | xeno23: мм
  9126 | Lab      | xeno23: че там за блоуган
  9126 | Lab      | xeno23: проклятый
  9127 | Lab      | xeno23: хуйня
  9127 | Lab      | oplop: хуита
  9127 | Lab      | oplop: а непроклятый норм
  9127 | Lab      | xeno23: да
  9322 | D:12     | xeno23: вампу в экстенд очень блоуган нужен
  9329 | D:12     | oplop: ммм
  9329 | D:12     | xeno23: финдов конфузить всяких или лордов
  9329 | D:12     | oplop: угу
  9652 | D:12     | Reached skill level 10 in Dodging
  9901 | D:13     | Reached *** piety under Ashenzari
  9921 | D:13     | Noticed a centaur warrior
  9925 | D:13     | Killed a centaur warrior
  9994 | D:13     | Noticed a hill giant
 10001 | D:13     | Killed a hill giant
 10073 | D:13     | Noticed a white ugly thing
 10079 | D:13     | Killed a white ugly thing
 10131 | D:13     | Found a gate to the Vaults.
 10131 | D:13     | Noticed a vault guard
 10131 | D:13     | Noticed a vault guard
 10131 | D:13     | Noticed a vault guard
 10212 | D:13     | Noticed a red ugly thing
 10411 | Lair:1   | Entered Level 1 of the Lair of Beasts
 10525 | Lair:1   | Reached skill level 15 in Stealth
 10593 | Lair:1   | oplop: ман конжуров, кстати
 10595 | Lair:1   | oplop: бля
 10595 | Lair:1   | oplop: вот что лучше, +6 даггер оф спид который в руках, или +4 электродаггер?
 10595 | Lair:1   | oplop: при том что у меня +6 слеинг кольцо
 10595 | Lair:1   | oplop: ??electrecution
 10595 | Lair:1   | beem: electrecution ~ electrocution[1/1]: Weapon brand that causes your weapon to blast your target with an explosion of sparks on 1 out of every 3 hits, doing 8-20 additional damage (which ignores AC). Does not work on targets with rElec.
 10595 | Lair:1   | xeno23: ну
 10595 | Lair:1   | xeno23: конечно элек лучше
 10595 | Lair:1   | xeno23: спид на даггере это вообще худший брэнд
 10595 | Lair:1   | xeno23: ну а элек один из лучших, или даже самый лучший
 10912 | Lair:1   | xeno23: вот как ты думаешь
 10922 | Lair:1   | xeno23: стоит ли через мануал вкачивать слинги и потом перекачивать через фш экспу?
 10922 | Lair:1   | oplop: ну я посмотрел на дамаг и решил что таки да, лол
 10922 | Lair:1   | xeno23: в то, что мне надо
 10922 | Lair:1   | oplop: а хз
 10922 | Lair:1   | xeno23: через аш*
 10922 | Lair:1   | oplop: оно того стоит?
 11114 | Lair:1   | xeno23: ну я не пробовал, но почему бы и нет
 11226 | Lair:1   | Reached XP level 12. HP: 91/91 MP: 21/21
 11227 | Lair:1   | oplop: ну попробуй
 11227 | Lair:1   | oplop: я тоже не пробовал, лол
 11250 | Lair:2   | Noticed a five-headed hydra
 11254 | Lair:2   | oplop: ЗАТАБАЛСЯ
 11279 | Lair:2   | Noticed an eight-headed hydra
 11398 | Lair:2   | Reached **** piety under Ashenzari
 11736 | Lair:2   | Reached XP level 13. HP: 46/96 MP: 22/22
 12669 | Lair:3   | Reached skill level 1 in Shields
 13303 | Lair:4   | xeno23: jyb yt ,kfqylzncz
 13419 | Lair:4   | xeno23: волки не блайндятся
 13458 | Lair:4   | oplop: да я понял
 13525 | Lair:4   | Got the uncursed robe of Jeah {*Confuse rCorr Str-4 Int+8}
 13575 | Lair:4   | Found a staircase to the Snake Pit.
 13900 | Lair:4   | Noticed Sonja
 13910 | Lair:4   | Killed Sonja
 13939 | Lair:4   | Reached ***** piety under Ashenzari
 14227 | Lair:5   | Reached skill level 10 in Short Blades
 14376 | Lair:5   | xeno23: эти 3 ац
 14523 | Lair:5   | xeno23: тебя наверно гидра за 2 хода сожрать может
 14569 | Lair:5   | oplop: может, не спорю, лол
 14569 | Lair:5   | oplop: а че делать
 14569 | Lair:5   | oplop: армора вообще нету
 14796 | Lair:5   | Noticed Snorg
 14808 | Lair:5   | Killed Snorg
 15081 | Lair:6   | xeno23: шкуру бы траллью
 15236 | Lair:6   | oplop: отойду
 15236 | Lair:6   | xeno23: вот у моего вампа 45 ац было под конец
 15236 | Lair:6   | xeno23: шда это не хуй собачий
 15236 | Lair:6   | xeno23: правда у меня с артов в сумме было +20 силы
 15236 | Lair:6   | oplop: лал
 15236 | Lair:6   | oplop: граф дракула, нахуй
 15236 | Lair:6   | oplop: в плейте
 15273 | Lair:6   | Found a shattered altar of Ashenzari.
 15382 | Lair:6   | Reached XP level 14. HP: 91/106 MP: 20/23
 15492 | Lair:6   | Found a staircase to the Shoals.
 16656 | Lair:7   | Found a staircase to the Slime Pits.
 16692 | Lair:8   | Entered Level 8 of the Lair of Beasts
 17060 | Lair:8   | Gained mutation: You are agile. (Dex +2) [potion of mutation]
 17060 | Lair:8   | Gained mutation: Your magical capacity is low (-10% MP). [potion of mutation]
 17338 | Lair:8   | Reached skill level 15 in Dodging
 18279 | Lair:8   | xeno23: неплохо их элек ебет
 18284 | Lair:8   | oplop: да, мне тоже нравится
 18284 | Lair:8   | oplop: можно просто затыкать
 18284 | Lair:8   | xeno23: только с мобами с рэлеком проблемы будут
 18459 | Lair:8   | xeno23: +6 слея
 18459 | Lair:8   | xeno23: ой лол
 18492 | Lair:8   | oplop: я ж говорил
 18492 | Lair:8   | oplop: хехе
 18534 | Lair:6   | xeno23: а да
 18542 | Lair:6   | xeno23: я не заметил
 18793 | D:9      | oplop: тровинг чтоль подкачать
 18793 | D:9      | oplop: конфуз и слип иглы есть
 18854 | Orc:1    | Entered Level 1 of the Orcish Mines
 18854 | Orc:1    | Noticed Gastronok
 18868 | Orc:1    | xeno23: можно наверно, но я к экстенду качаю
 18869 | Orc:1    | oplop: гастранок
 18880 | Orc:1    | xeno23: да
 18914 | Orc:1    | Found a flagged portal.
 18918 | Orc:1    | Killed Gastronok
 18919 | Orc:1    | xeno23: мм
 18919 | Orc:1    | oplop: лол
 18919 | Orc:1    | xeno23: найс
 18941 | Orc:1    | xeno23: че там за шляпа
 18954 | Orc:1    | Reached XP level 15. HP: 98/113 MP: 9/24
 18959 | Orc:1    | oplop: мр
 18959 | Orc:1    | oplop: потянет
 19015 | Bailey   | Entered a bailey
 19019 | Bailey   | xeno23: у тебя же есть аппорт
 19021 | Bailey   | xeno23: вытянул бы
 19021 | Bailey   | oplop: нет
 19021 | Bailey   | oplop: он в лейре лежит
 19021 | Bailey   | xeno23: а
 19133 | Bailey   | xeno23: экспа
 19133 | Bailey   | Reached XP level 16. HP: 118/120 MP: 25/25
 19649 | Orc:2    | Entered Level 2 of the Orcish Mines
 19650 | Orc:2    | Found a roughly hewn altar of Beogh.
 19789 | Orc:2    | Found Cueneu's Food Boutique.
 19789 | Orc:2    | Found a roughly hewn altar of Beogh.
 20403 | Orc:2    | Found a staircase to the Elven Halls.
 20582 | Orc:2    | Found Joefeina's Antique Armour Shoppe.
 20582 | Orc:2    | Found a roughly hewn altar of Beogh.
 20591 | Orc:2    | Found Zufe's Antique Weapon Emporium.
 20596 | Orc:2    | Bought a runed buckler for 81 gold pieces
 20602 | Orc:2    | Bought a brightly glowing blowgun for 232 gold pieces
 20602 | Orc:2    | Identified the +5 blowgun of Theory {speed, MP+9} (You bought it in a shop on level 2 of the Orcish Mines)
 20696 | Orc:2    | Found a roughly hewn altar of Beogh.
 20728 | Orc:2    | Found a roughly hewn altar of Beogh.
 20871 | Orc:2    | Found a roughly hewn altar of Beogh.
 20882 | Orc:2    | Found Esaschez's Weapon Emporium.
 21507 | D:13     | jacquesderrida: че тут полпот че тут
 21627 | D:13     | oplop: намана все
 21627 | D:13     | oplop: иди орбы выноси,к еке
 21953 | D:14     | Found a frozen archway.
 21995 | IceCv    | Entered an ice cave
 22093 | IceCv    | oplop: влажная мечта огра
 22093 | IceCv    | oplop: 2 ГСЦ оф фризинг
 22125 | IceCv    | jacquesderrida: А сколько до конца турмира осталось
 22129 | IceCv    | oplop: часов 30
 22129 | IceCv    | jacquesderrida: пзц
 22129 | IceCv    | jacquesderrida: надо выносить орбир
 22129 | IceCv    | oplop: завтра в 23 по мск кончается
 22165 | IceCv    | Identified the ring of Degaedue {AC+3 Int+3}
 22401 | IceCv    | Reached skill level 15 in Hexes
 23333 | D:15     | Entered Level 15 of the Dungeon
 23521 | D:15     | xeno23: эх, видимо не успею стрик из 7 винов сделать
 23531 | D:15     | xeno23: но 6 тож норм
 23532 | D:15     | oplop: угу
 23532 | D:15     | oplop: ну, если поспешишь... но спешка опасна, кек
 23532 | D:15     | xeno23: хотя трехрунку можно
 23833 | D:15     | Reached skill level 10 in Spellcasting
 24016 | D:15     | Found a staircase to the Depths.
 24332 | D:15     | oplop: шоалсы и снейки
 24332 | D:15     | oplop: инвиза нет, рмислаа нет
 24332 | D:15     | oplop: БОЛЬ
 24559 | Lair:1   | Lost mutation: You are agile. (Dex +2) [potion of cure mutation]
 24559 | Lair:1   | Lost mutation: You have large cloven feet. [potion of cure mutation]
 24559 | Lair:1   | Lost mutation: Your system is resistant to poisons. [potion of cure mutation]
 24560 | Lair:1   | Lost mutation: Your spells are a little easier to cast, but a little less powerful. [potion of cure mutation]
 24560 | Lair:1   | Lost mutation: Your magical capacity is low (-10% MP). [potion of cure mutation]
 24667 | Orc:2    | Bought a runed leather armour for 36 gold pieces
 25127 | Elf:1    | Entered Level 1 of the Elven Halls
 25668 | Shoals:1 | Entered Level 1 of the Shoals
 26132 | Shoals:1 | Reached XP level 17. HP: 96/125 MP: 21/31
 26343 | Shoals:2 | Found a radiant altar of Vehumet.
 26433 | Shoals:2 | Noticed a kraken
 26434 | Shoals:2 | Found a bloodstained altar of Trog.
 26468 | Shoals:2 | xeno23: кракен в загоне
 26472 | Shoals:2 | oplop: угу
 26472 | Shoals:2 | oplop: у меня короче дно по резистам
 26472 | Shoals:2 | oplop: и спеллов нули
 26472 | Shoals:2 | xeno23: хмм
 26472 | Shoals:2 | xeno23: инвиза тонет?
 26472 | Shoals:2 | oplop: зашел в эльфятню, меня оттуда мэйс оф протекшн выгнал
 26472 | Shoals:2 | oplop: неа
 26481 | Shoals:2 | xeno23: ну без инвиза тяжко
 26494 | Shoals:2 | Noticed Polyphemus
 26496 | Shoals:2 | xeno23: ты бы кожуру подкачал
 26496 | Shoals:2 | oplop: whooops
 26498 | Shoals:2 | xeno23: мануал же есть
 26498 | Shoals:2 | xeno23: будешь спреем стрелять
 26498 | Shoals:2 | oplop: чисто ради спрея?
 26498 | Shoals:2 | xeno23: да, он годен
 26500 | Shoals:2 | xeno23: я им в дептсах голден драков валил
 26507 | Shoals:2 | xeno23: и титанов всяких
 26509 | Shoals:2 | xeno23: чисто спреем
 26516 | Shoals:2 | oplop: давно было?
 26516 | Shoals:2 | xeno23: ну и вепоны в эльфах тоже потянет
 26516 | Shoals:2 | oplop: просто он до нерфа ебал все вообще
 26516 | Shoals:2 | xeno23: да вот спеном на турнире
 26516 | Shoals:2 | oplop: а после неочень
 26535 | Shoals:2 | Reached skill level 1 in Conjurations
 26676 | Shoals:2 | xeno23: там нет нигде призмы?
 26676 | Shoals:2 | oplop: нет
 26676 | Shoals:2 | oplop: мне призма не нравится
 26683 | Shoals:2 | xeno23: ну зато сетей налутаешь
 26684 | Shoals:2 | xeno23: в шолсах
 26688 | Shoals:2 | oplop: бля
 26688 | Shoals:2 | oplop: опять гримуар
 26688 | Shoals:2 | xeno23: призма шумная и будет пол этажа, это хуево
 26688 | Shoals:2 | oplop: пойду поем
 26688 | Shoals:2 | oplop: минут через 10 вернусь
 26688 | Shoals:2 | xeno23: но когда надо кого-нибудь пробить жирного норм
 26688 | Shoals:2 | xeno23: бля, такой душевный этаж нашел в дептсах
 26688 | Shoals:2 | xeno23: домики, торговцы
 26688 | Shoals:2 | xeno23: в каждом доме камин с сортиром
 26688 | Shoals:2 | xeno23: такая душа
 26688 | Shoals:2 | xeno23: магазин с товарами для работорговцев с плётками и вандами энслейва лол
 26688 | Shoals:2 | oplop: а, был там
 26790 | Shoals:2 | HP: 4/126 [death yak[Polyphemus] (15)]
 26790 | Shoals:2 | Hit by a large rock thrown by Polyphemus

Skill      XL: |  1  2  3  4  5  6  7  8  9 10 11 12 13 14 15 16 17 |
---------------+----------------------------------------------------+-----
Hexes          | 5 6 7 8 9 10 13 16 | 16.0
Stealth        | 5 6 7 8 10 12 13 15 16 17 | 17.0
Dodging        | 3 4 5 6 7 9 10 13 14 15 17 | 17.6
Spellcasting   | 3 4 5 6 8 10 | 10.7
Fighting       | 3 5 7 8 9 |  9.3
Short Blades   | 4 6 8 10 | 10.1
Shields        | 4 |  4.4
Armour         | 4 |  4.5
Conjurations   | 2 |  2.0

Action                   |  1- 3 |  4- 6 |  7- 9 | 10-12 | 13-15 | 16-18 || total
-------------------------+-------+-------+-------+-------+-------+-------++-------
Melee: Dagger            |    63 |    65 |   175 |   245 |   871 |   959 ||  2378
       Bite              |    10 |     2 |     7 |    20 |    74 |   106 ||   219
       Kick              |       |       |    33 |    40 |   213 |   169 ||   455
Throw: Throwing net      |       |       |       |       |       |     1 ||     1
 Cast: Ensorcelled Hiber |     5 |    18 |    36 |    37 |    91 |    36 ||   223
       Tukima's Dance    |       |     2 |       |     7 |     2 |    37 ||    48
       Confuse           |       |     7 |    25 |    24 |    44 |    46 ||   146
       Dazzling Spray    |       |       |       |     6 |    39 |    50 ||    95
Invok: Scrying           |       |       |       |       |     4 |     3 ||     7
 Abil: Bat Form          |       |     1 |       |     2 |     5 |     5 ||    13
       End Transformatio |       |     1 |       |     2 |     5 |     4 ||    12
  Use: Potion            |       |       |     3 |     1 |     2 |    14 ||    20
       Scroll            |       |       |     2 |    24 |     9 |     6 ||    41
 Stab: Sleeping          |     9 |    20 |    45 |    58 |   111 |    66 ||   309
       Distracted        |       |     1 |     1 |     2 |     5 |     4 ||    13
       Confused          |       |     2 |     9 |    16 |    15 |    23 ||    65
       Invisible         |       |       |       |     4 |    19 |    14 ||    37
       Held in net/web   |       |       |       |       |       |     1 ||     1
Armor: Robe              |    13 |     5 |    19 |    10 |    29 |    36 ||   112
       Leather armour    |       |       |       |       |       |    29 ||    29
Dodge: Dodged            |    29 |    36 |   132 |   130 |   782 |   561 ||  1670
Block: Buckler           |       |       |       |       |   116 |   168 ||   284
